 Dungeon Crawl Stone Soup version 0.30-a0-715-gdb4ae3ece1 (webtiles) character file.

Game seed: 13578908835465547752

87036 ragingrage the End of an Era (level 15, 0/125 HPs)
             Began as a Demonspawn Warper on Jan 23, 2023.
             Was the Champion of Qazlal.
             Slain by a spatial maelstrom (21 damage)
             ... on level 3 of the Abyss.
             The game lasted 00:39:21 (24817 turns).

ragingrage the End of an Era (Demonspawn Warper)   Turns: 24817, Time: 00:39:21

Health: 0/125      AC: 19    Str: 16    XL:     15   Next: 42%
Magic:  0/34       EV: 14    Int: 15    God:    Qazlal [******]
Gold:   1074       SH: 12    Dex: 13    Spells: 14/23 levels left

rFire   + . .      SeeInvis +    a - +6 scimitar (flame)
rCold   . . .      Faith    .    (no shield)
rNeg    . . .      Spirit   +    e - +0 troll leather armour
rPois   .          Reflect  .    (helmet unavailable)
rElec   .          Harm     .    K - +1 cloak {rF+}
rCorr   +          Rampage  .    R - +0 pair of gloves
Will    +....                    A - +0 pair of boots
Stlth   +                        X - amulet of regeneration
HPRegen 2.00/turn                m - ring of magical power
MPRegen 0.48/turn                r - ring of resist corrosion

@: protected from physical damage, repel missiles, unable to read, unable to
drink
A: antennae 3, icy blue scales 2, icemail 1, robust 1, magic shield, magic
regeneration, condensation shield, strong 1, MP-powered wands, [clumsy 2],
subdued magic 1[+2], [inability to drink after injury 2], [inability to read
after injury 2]
a: Renounce Religion, Upheaval, Elemental Force, Disaster Area


You were on level 3 of the Abyss.
You worshipped Qazlal.
Qazlal was exalted by your worship.
You visited 4 branches of the dungeon, and saw 23 of its levels.
You visited the Abyss 1 time.

You collected 2193 gold pieces.
You spent 1119 gold pieces at shops.

Inventory:

Hand Weapons
 a - a +6 scimitar of flaming (weapon)
 b - the +8 whip "Snakebite" {venom, curare, rPois}
   (You found it on level 1 of the Lair of Beasts)

   rPois:     It protects you from poison.
Missiles
 d - 7 boomerangs of dispersal
 H - 17 poisoned darts
 O - 16 javelins
 P - 9 boomerangs
 Q - a throwing net
Armour
 e - a +0 troll leather armour (worn)
 A - a +0 pair of boots (worn)
 K - a +1 cloak of fire resistance (worn)
 M - the +3 scale mail of Winter {rF+ Will+ Int+2 Dex-5}
   (You bought it in a shop on level 1 of the Orcish Mines)

   Int:       It affects your intelligence (+2).
   Dex:       It affects your dexterity (-5).
   rF:        It protects you from fire.
   Will:      It increases your willpower.
 R - a +0 pair of gloves (worn)
Jewellery
 g - a ring of fire
 i - a ring of flight
 m - a ring of magical power (left hand)
 r - a ring of resist corrosion (right hand)
 C - a ring of poison resistance
 X - an amulet of regeneration (around neck)
Wands
 n - a wand of mindburst (6)
 t - a wand of polymorph (9)
 u - a wand of acid (13)
 E - a wand of flame (4)
 S - a wand of roots (6)
 V - a wand of paralysis (6)
Scrolls
 c - 4 scrolls of blinking
 h - 5 scrolls of poison
 j - 6 scrolls of teleportation
 k - 5 scrolls of amnesia
 o - 2 scrolls of vulnerability
 q - 3 scrolls of enchant weapon
 y - 3 scrolls of fog
 z - 10 scrolls of identify
 B - 2 scrolls of torment
 L - 4 scrolls of fear
 N - a scroll of butterflies
 T - 5 scrolls of enchant armour
 Y - a scroll of immolation
Potions
 f - a potion of heal wounds
 l - 3 potions of lignification
 p - 2 potions of mutation
 v - 2 potions of resistance
 w - 3 potions of berserk rage
 x - a potion of cancellation
 D - 2 potions of attraction
 F - 9 potions of curing
 G - a potion of invisibility
 I - 3 potions of flight
 J - 3 potions of haste
 U - a potion of magic
 Z - a potion of ambrosia
Miscellaneous
 s - a phantom mirror


   Skills:
 + Level 9.4 Fighting
 - Level 14.0 Long Blades
 + Level 5.0 Maces & Flails
 - Level 0.8 Throwing
 - Level 5.0 Armour
 + Level 6.6 Dodging
 - Level 8.0 Stealth
 + Level 4.6 Spellcasting
 + Level 10.8 Translocations
 - Level 3.0 Air Magic
 + Level 14.1 Invocations
 + Level 6.3 Evocations


You had 14 spell levels left.
You knew the following spells:

 Your Spells              Type           Power      Damage    Failure   Level
a - Blink                 Tloc           38%        N/A       1%          2
b - Manifold Assault      Tloc           19%        N/A       1%          4
c - Vhi's Electric Charg  Tloc/Air       24%        N/A       1%          3

Your spell library contained the following spells:

 Spells                   Type           Power      Damage    Failure   Level
 Lesser Beckoning         Tloc           38%        N/A       1%          2
 Teleport Other           Tloc           19%        N/A       1%          3
 Static Discharge         Conj/Air       8%         2-3/arc   9%          2
 Sandblast                Erth           2%         2d4       12%         1
 Slow                     Hex            4%         N/A       12%         1
 Iskenderun's Mystic Bla  Conj/Tloc      10%        2d4       13%         4
 Passwall                 Tmut/Erth      0%         N/A       19%         2
 Airstrike                Air            3%         2d(1-17)  36%         4
 Confusing Touch          Hex            1%         N/A       38%         3
 Dazzling Flash           Conj/Hex       2%         N/A       38%         3
 Stone Arrow              Conj/Erth      2%         3d7       38%         3
 Vampiric Draining        Necr           1%         2d6       38%         3
 Summon Forest            Summ/Tloc      5%         N/A       38%         5
 Summon Lightning Spire   Summ/Air       4%         N/A       58%         4
 Olgreb's Toxic Radiance  Pois           1%         N/A       82%         4
 Summon Ice Beast         Ice/Summ       1%         N/A       82%         4
 Arcjolt                  Conj/Air       2%         1d12      92%         5
 Lightning Bolt           Conj/Air       2%         1d13      92%         5
 Freezing Cloud           Conj/Ice/Air   1%         6-21      96%         5
 Summon Mana Viper        Hex/Summ       1%         N/A       99%         5
 Conjure Ball Lightning   Conj/Air       2%         3x3d6     100%        6
 Eringya's Noxious Bog    Tmut/Pois      0%         N/A       100%        6
 Simulacrum               Ice/Necr       0%         N/A       100%        6
 Starburst                Conj/Fire      0%         6d3       100%        6
 Monstrous Menagerie      Summ           0%         N/A       100%        7
 Ozocubu's Refrigeration  Ice            0%         4d7       100%        7
 Summon Hydra             Summ           0%         N/A       100%        7
 Discord                  Hex            0%         N/A       100%        8
 Disjunction              Tloc           9%         N/A       100%        8
 Ignition                 Fire           0%         3d3       100%        8
 Polar Vortex             Ice            0%         N/A       100%        9


Dungeon Overview and Level Annotations

Branches:
Dungeon (15/15)            Temple (1/1) D:4            Lair (5/5) D:10
 Shoals (0/4) Lair:3        Snake (0/4) Lair:2        Slime (0/5) Lair:4
    Orc (2/2) D:11            Elf (0/3) Orc:2        Vaults (0/5) D:14
 Depths: D:15

Altars:
Ashenzari
Cheibriados
Dithmenos
Fedhas
Gozag
Hepliaklqana
Kikubaaqudgha
Makhleb
Nemelex Xobeh
Okawaru
Qazlal
Ru
Sif Muna
Trog
Uskayaw
Vehumet
Wu Jian
Xom
Yredelemnul
Jiyva

Shops:
D:1 =   D:4 **   D:14 ?   Orc:1 [   Orc:2 *[=*

Annotations:
D:7 2 transporters, ragingrage's ghost, novice GnNe
D:8 exclusion: downstairs
D:13 1 runed translucent door, Zakkuatt's ghost, journeyman HOFi
Lair:5 3 runed translucent doors, sokol815's ghost, journeyman OpEE


Innate Abilities, Weirdness & Mutations

You have a pair of large antennae on your head. (SInv)
You are mostly covered in icy blue scales. (AC +3)
A meltable icy envelope protects you from harm. (AC +4)
You are robust. (+10% HP)
When hurt, damage is shared between your health and your magic reserves.
You regenerate magic rapidly.
A meltable shield of frost defends you. (SH +4)
Your muscles are strong. (Str +4, Int/Dex -1)
You expend magic power (3 MP) to strengthen your wands.
[You are very clumsy. (Dex -4)]
[Your spells are much easier to cast, but much less powerful.]
[You sometimes lose the ability to drink potions when taking damage.]
[You sometimes lose the ability to read scrolls when taking damage.]


Message History

You block the small abomination's attack.
An orange demon comes into view.
The spatial vortex is engulfed in blazing flames.
A tentacled starspawn comes into view.
The ghost moth stares at you.
You feel your power leaking away.
You hear a grinding noise.
The spatial maelstrom barely misses you.
The spatial maelstrom hits you!
You feel threatened and lose the ability to read scrolls!
The ghost moth is engulfed in blazing flames.
The ghost moth stares at you.
The small abomination is engulfed in blazing flames.
The ghost moth stares at you.
You feel your power leaking away. The small abomination hits you!
You feel more protected from physical attacks.
A spatial vortex comes into view.
The small abomination attacks as you move away!
You block the small abomination's attack.
The ghost moth stares at you.
You block the spatial maelstrom's attack. x2
A spatial vortex comes into view.
You barely miss the spatial vortex.
You block the small abomination's attack.
The spatial vortex is engulfed in blazing flames. x2
The ghost moth stares at you.
The spatial maelstrom barely misses you.
You block the spatial maelstrom's attack.
You block the spatial vortex's attack.
The spatial vortex attacks as you move away!
You block the spatial vortex's attack.
The small abomination attacks as you move away!
The small abomination hits you!
* * * LOW HITPOINT WARNING * * *
The spatial maelstrom attacks as you move away!
The spatial maelstrom hits you!
* * * LOW HITPOINT WARNING * * *
Space warps horribly around you!!
You die...

### #... ..#....#
. . ...#. .#..#
... . . #
.#.###..##....
..##....v#4..4#
###.# #..°.#v.##
#..#.##B○v.#..# φ
#..#y.....v..#
#..vx☼.v....#
#v@v..v....#
#......○.°..v..⌠#
#........○..X####
..##########..# .
...# .#.. #.


You could see a tentacled starspawn, a spatial maelstrom, a ghost moth
(invisible), an entropy weaver, 8 spatial vortices, an orange demon and a small
abomination.

Vanquished Creatures
  A yaktaur captain (D:14)
  4 hydras
  Erolcha (D:10)
  2 catoblepae
  Erica (D:10)
  An ogre mage (Orc:1)
  4 centaur warriors
  3 boulder beetles
  3 two-headed ogres
  8 death yaks
  A tengu warrior (D:13)
  3 orc high priests (Orc:2)
  Nergalle (D:12)
  A shadow wraith (Abyss:3)
  6 orc knights
  A lindwurm (Lair:4)
  A deep elf pyromancer (D:11)
  4 orc sorcerers
  5 ugly things (D:14)
  4 cyclopes
  7 manticores
  10 elephants
  9 black mambas
  A gargoyle (D:11)
  2 torpor snails (Lair:4)
  A large abomination (Abyss:3)
  16 cane toads
  4 unseen horrors
  4 rime drakes
  5 komodo dragons
  An efreet (D:12)
  2 yaktaurs (D:14)
  A tengu conjurer (D:14)
  14 polar bears
  4 trolls
  2 hornets (D:9)
  Grinder (D:3)
  18 blink frogs
  A hornet (shapeshifter) (D:14)
  Prince Ribbit (D:8)
  A wind drake (Lair:3)
  9 dream sheep
  2 raiju
  6 slime creatures
  48 yaks
  A vampire (D:11)
  3 wraiths
  5 wyverns
  A shadow (D:12)
  5 basilisks
  Grum (D:9)
  7 vampire mosquitoes
  7 wargs
  32 water moccasins
  16 hell hounds (Lair:5)
  22 orc warriors
  11 black bears (Lair:5)
  A sky beast (D:8)
  2 ice beasts
  11 ogres
  24 wolves
  16 centaurs
  16 bullfrogs
  2 necrophages
  A gnoll sergeant (D:8)
  3 scorpions
  10 wights
  2 howler monkeys
  2 small abominations (Abyss:3)
  2 lava snakes (D:11)
  7 hounds
  A starcursed mass (Abyss:3)
  A gnoll bouda (D:7)
  A jelly (D:7)
  25 orc priests
  5 iguanas
  9 hell rats
  15 orc wizards
  9 gnolls
  15 adders
  2 white imps
  An ufetubus (D:6)
  3 worms
  5 dart slugs
  71 orcs
  4 endoplasms
  2 giant cockroaches (D:2)
  3 goblins
  5 hobgoblins
  4 jackals
  6 kobolds
  3 quokkas
  3 ball pythons
  2 bats (D:3)
  2 frilled lizards (D:3)
  A rat (D:2)
633 creatures vanquished.

Vanquished Creatures (collateral kills)
  2 death yaks (Lair:5)
  An adder (Lair:1)
3 creatures vanquished.

Vanquished Creatures (others)
  2 orc wizards (Orc:2)
  An orc (Orc:2)
  2 bushes (D:10)
  32 fungi
  92 plants
  4 starspawn tentacles (Abyss:3)
  2 withered plants (D:14)
135 creatures vanquished.

Grand Total: 771 creatures vanquished

Notes
Turn   | Place    | Note
-------+----------+-------------------------------------------
     0 | D:1      | ragingrage the Demonspawn Warper began the quest for the
                  | Orb.
     0 | D:1      | Reached XP level 1. HP: 16/16 MP: 3/3
    31 | D:1      | Found Joaclydi's Jewellery Shoppe.
   428 | D:1      | Gained mutation: You are partially covered in icy blue
                  | scales. (AC +2) [demonic ancestry]
   428 | D:1      | Reached XP level 2. HP: 22/22 MP: 5/5
   854 | D:2      | Reached XP level 3. HP: 27/27 MP: 6/6
  1386 | D:2      | Found a faded altar of an unknown god.
  1881 | D:3      | Gained mutation: You are mostly covered in icy blue scales.
                  | (AC +3) [demonic ancestry]
  1881 | D:3      | Reached XP level 4. HP: 33/33 MP: 7/7
  1981 | D:3      | Noticed Grinder
  1988 | D:3      | Killed Grinder
  1989 | D:3      | Reached skill level 5 in Long Blades
  1989 | D:3      | Gained mutation: You regenerate magic rapidly. [demonic
                  | ancestry]
  1989 | D:3      | Reached XP level 5. HP: 18/38 MP: 8/8
  2081 | D:3      | Gained mutation: A meltable shield of frost defends you.
                  | (SH +4) [demonic ancestry]
  2081 | D:3      | Reached XP level 6. HP: 44/44 MP: 9/9
  2202 | D:3      | Found a blossoming altar of Fedhas.
  2202 | D:3      | Found a burning altar of Makhleb.
  2412 | D:4      | Found Ufeuhawn's Neck Hole.
  2429 | D:4      | Found a staircase to the Ecumenical Temple.
  2441 | Temple   | Entered the Ecumenical Temple
  2441 | Temple   | Found a transporter.
  2441 | Temple   | Found a transporter.
  2443 | Temple   | Found a transporter.
  2443 | Temple   | Found a transporter.
  2473 | Temple   | Became a worshipper of Qazlal Stormbringer
  2510 | D:4      | Learned a level 2 spell: Blink
  2742 | D:4      | Gained mutation: When hurt, damage is shared between your
                  | health and your magic reserves. [demonic ancestry]
  2742 | D:4      | Reached XP level 7. HP: 50/50 MP: 10/10
  2829 | D:4      | Found a hazy altar of Hepliaklqana.
  2907 | D:4      | Found Butrir's Fire Supplies.
  3314 | D:5      | Entered Level 5 of the Dungeon
  3430 | D:5      | Reached skill level 1 in Stealth
  3650 | D:6      | Learned a level 4 spell: Manifold Assault
  3889 | D:6      | Identified the +8 dagger of Pride {vamp, *Noise rC++ Dex+4}
  4086 | D:6      | Found a hide-covered altar of Uskayaw.
  4166 | D:6      | Reached * piety under Qazlal
  4240 | D:6      | Gained mutation: A meltable icy envelope protects you from
                  | harm. (AC +4) [demonic ancestry]
  4240 | D:6      | Reached XP level 8. HP: 49/58 MP: 11/11
  5102 | D:7      | Reached skill level 5 in Stealth
  5319 | D:6      | Reached skill level 5 in Fighting
  5372 | D:4      | Bought a +1 cloak of fire resistance for 198 gold pieces
  5498 | D:5      | Identified the +11 trident "Killer Klown's Peril"
                  | {antimagic, Fly rF+}
  5550 | D:5      | Gained mutation: You have a pair of small antennae on your
                  | head. [demonic ancestry]
  5550 | D:5      | Reached XP level 9. HP: 41/68 MP: 4/12
  5678 | D:5      | Identified the +0 robe of Insurance {-Tele rF+++ Dex+3}
  5840 | D:5      | Reached ** piety under Qazlal
  6204 | D:7      | Found a shimmering altar of Xom.
  6242 | D:7      | Found a transporter.
  6242 | D:7      | Found a transporter.
  6259 | D:7      | Noticed ragingrage's ghost (novice GnNe)
  6530 | D:7      | Noticed a queen bee
  6774 | D:8      | Noticed Prince Ribbit
  6785 | D:8      | Killed Prince Ribbit
  6786 | D:8      | Reached skill level 1 in Armour
  6843 | D:8      | Reached skill level 1 in Invocations
  6895 | D:8      | Found a sparkling altar of Nemelex Xobeh.
  6980 | D:8      | Reached skill level 1 in Evocations
  7700 | D:9      | Noticed Grum
  8145 | D:9      | Gained mutation: You have a pair of antennae on your head.
                  | [demonic ancestry]
  8145 | D:9      | Reached XP level 10. HP: 48/76 MP: 9/13
  8152 | D:9      | Killed Grum
  8328 | D:9      | Found an iron altar of Okawaru.
  8369 | D:9      | Paralysed by a hornet for 3 turns
  8523 | D:9      | Reached *** piety under Qazlal
  8824 | D:10     | Entered Level 10 of the Dungeon
  8849 | D:10     | Noticed Erolcha
  8866 | D:10     | Killed Erolcha
  8917 | D:10     | Noticed Erica
  8929 | D:10     | Gained mutation: [Your spells are a little easier to cast,
                  | but a little less powerful.] [potion of mutation]
  8929 | D:10     | Gained mutation: You expend magic power (3 MP) to
                  | strengthen your wands. [potion of mutation]
  8929 | D:10     | Gained mutation: Your muscles are strong. (Str +4, Int/Dex
                  | -1) [potion of mutation]
  8931 | D:10     | Killed Erica
  8932 | D:10     | Reached skill level 5 in Invocations
  9408 | D:9      | Learned a level 3 spell: Vhi's Electric Charge
  9778 | D:10     | Reached skill level 5 in Translocations
 10150 | D:10     | Reached XP level 11. HP: 80/83 MP: 15/15
 10217 | D:10     | Reached skill level 10 in Long Blades
 10450 | D:10     | Found a staircase to the Lair.
 10722 | D:11     | Noticed a two-headed ogre
 10786 | D:11     | Noticed a two-headed ogre
 10815 | D:11     | Killed a two-headed ogre
 11188 | D:11     | Killed a two-headed ogre
 11246 | D:11     | Found a staircase to the Orcish Mines.
 11322 | D:11     | Reached skill level 5 in Evocations
 11475 | D:11     | You fall into a shaft and drop 2 floors!
 11497 | D:13     | Noticed a tengu warrior
 11543 | D:13     | Noticed a centaur warrior
 11544 | D:13     | Noticed a centaur warrior
 11710 | D:12     | Noticed a two-headed ogre
 11742 | D:11     | Reached skill level 5 in Dodging
 11891 | D:11     | Reached **** piety under Qazlal
 12849 | Lair:1   | Entered Level 1 of the Lair of Beasts
 13237 | D:1      | Bought a ring of poison resistance for 220 gold pieces
 13613 | Lair:1   | Reached XP level 12. HP: 81/92 MP: 14/17
 14300 | Lair:1   | Found the +8 whip "Snakebite" {venom, curare, rPois}
 14717 | Lair:2   | Found a staircase to the Snake Pit.
 15139 | Lair:2   | Reached skill level 1 in Maces & Flails
 15163 | Lair:2   | Reached ***** piety under Qazlal
 15835 | Lair:3   | Reached XP level 13. HP: 73/98 MP: 5/19
 16149 | Lair:3   | Found a staircase to the Shoals.
 17033 | Lair:4   | Reached skill level 10 in Invocations
 17100 | Lair:4   | Found a staircase to the Slime Pits.
 17778 | Lair:4   | Identified the +2 ring mail of Imoddo {rN+ Int+4 Dex-5}
 18315 | Lair:5   | Entered Level 5 of the Lair of Beasts
 18441 | Lair:5   | Identified the +4 dagger "Poykicun" {distort, Stlth+}
 18486 | Lair:4   | Gained mutation: You have a pair of large antennae on your
                  | head. (SInv) [demonic ancestry]
 18486 | Lair:4   | Reached XP level 14. HP: 60/105 MP: 5/23
 18985 | Lair:5   | Found a runed translucent gate.
 18985 | Lair:5   | Found a runed translucent gate.
 18985 | Lair:5   | Found a runed translucent gate.
 18985 | Lair:5   | Noticed an azure jelly
 18985 | Lair:5   | Noticed an azure jelly
 18986 | Lair:5   | Noticed an azure jelly
 18986 | Lair:5   | Found a viscous altar of Jiyva.
 18986 | Lair:5   | Noticed sokol815's ghost (journeyman OpEE)
 18986 | Lair:5   | Noticed an acid blob
 18986 | Lair:5   | Noticed an azure jelly
 18986 | Lair:5   | Noticed an azure jelly
 18986 | Lair:5   | Noticed an azure jelly
 18986 | Lair:5   | Noticed an acid blob
 18987 | Lair:5   | Noticed an acid blob
 19016 | Lair:5   | Reached skill level 10 in Translocations
 19307 | Lair:5   | Reached skill level 1 in Air Magic
 19660 | Lair:5   | Reached ****** piety under Qazlal
 20405 | Orc:1    | Entered Level 1 of the Orcish Mines
 20676 | Orc:1    | Found Oraommus's Antique Armour Shop.
 20685 | Orc:1    | Bought a masterwork scale mail for 243 gold pieces
 20685 | Orc:1    | Identified the +3 scale mail of Winter {rF+ Will+ Int+2
                  | Dex-5} (You bought it in a shop on level 1 of the Orcish
                  | Mines)
 21084 | Orc:2    | Entered Level 2 of the Orcish Mines
 21586 | Orc:2    | Found a staircase to the Elven Halls.
 22132 | Orc:2    | Found Duopsouw's General Store.
 22132 | Orc:2    | Found Qyroab's General Store.
 22139 | Orc:2    | Found Wolefua's Armour Shoppe.
 22139 | Orc:2    | Found Mahuuc's Jewellery Boutique.
 22145 | Orc:2    | Bought a scroll of blinking for 112 gold pieces
 22145 | Orc:2    | Bought a potion of invisibility for 120 gold pieces
 22157 | Orc:2    | Bought a scroll of fear for 44 gold pieces
 22434 | D:12     | Gained mutation: You are robust. (+10% HP) [demonic
                  | ancestry]
 22434 | D:12     | Reached XP level 15. HP: 107/124 MP: 10/25
 22444 | D:12     | Noticed Nergalle
 22456 | D:12     | Killed Nergalle
 23552 | D:13     | Found a runed translucent door.
 23553 | D:13     | Noticed Zakkuatt's ghost (journeyman HOFi)
 23709 | D:14     | Found a gate to the Vaults.
 23804 | D:14     | Found Oweit's Magic Scroll Shoppe.
 23814 | D:14     | Bought 3 scrolls of teleportation for 126 gold pieces
 23814 | D:14     | Bought a scroll of fear for 56 gold pieces
 24124 | D:14     | Reached skill level 5 in Armour
 24191 | D:14     | Found an ancient bone altar of Kikubaaqudgha.
 24521 | D:15     | Entered Level 15 of the Dungeon
 24606 | Abyss:3  | Cast into level 3 of the Abyss (a wizard)
 24648 | Abyss:3  | Noticed a tentacled starspawn
 24658 | Abyss:3  | Reached skill level 5 in Maces & Flails
 24661 | Abyss:3  | Noticed a tentacled starspawn
 24691 | Abyss:3  | Found a corrupted altar of Lugonu.
 24773 | Abyss:3  | Paralysed by accursed screaming for 1 turns
 24793 | Abyss:3  | Found a corrupted altar of Lugonu.
 24813 | Abyss:3  | Noticed a tentacled starspawn
 24817 | Abyss:3  | Slain by a spatial maelstrom

Illustrated notes

Levels and vault maps discovered:
D:1:      evilmike_arrival_home_sweet_home, layout_loops_ring, serial_shops,
          shop_fountains, chequers_serial_rivers_micro_b
D:2:      layout_basic, chequers_ecumenical_altar_simple_redux
D:3:      layout_loops_ring, gammafunk_temple_overflow_elements, uniq_grinder
D:4:      layout_loops_cross, mainiacjoe_overflow_chevrons,
          nzn_hepliaklqana_mist_gate, minmay_temple_entry_mini_moons,
          nicolae_shop_fire_sale [nicolae_sub_dead_trees],
          nicolae_shop_sticking_my_neck_out
D:5:      layout_rooms, minmay_pentangle
D:6:      layout_layer_cave, mainiacjoe_overflow_small_starburst,
          minmay_starry_boxes
D:7:      layout_cave_pools, overflow_temple_1_default, gammafunk_ghost_hive
D:8:      layout_basic, mainiacjoe_overflow_24_doors,
          nicolae_tso_swordbearing_angel, serial_glass, glass_columns_a,
          glass_columns_c, minmay_strange_pillars, minmay_strange_pillars,
          feat_on_display, minmay_misc_feat_diagonals, uniq_prince_ribbit1
D:9:      layout_big_octagon, kennysheep_little_box, uniq_grum
D:10:     layout_cave_pods, minmay_lair_entry_grove, grunt_decor_arrowhead,
          uniq_erica, uniq_erolcha
D:11:     kennysheep_big_flooded_room, layout_basic, erik_orc_4, nicolae_titane
D:12:     layout_small_grid, uniq_nergalle
D:13:     layout_small_grid, ebering_ghost_reflecting_pool,
          gauntlet_entry_generic
D:14:     layout_roguey, david_vaults_2, serial_shops, shop,
          kennysheep_another_room, kiku_gazebo_garden_becter
D:15:     grunt_enter_depths_hoard, layout_irregular_city,
          roderic_lattice_octagonal_star, minivault_23
Temple:   hellmonk_temple_divided_pantheon
Lair:1:   minmay_guarded_unrand_snakebite, layout_chaotic_city,
          lemuel_fruit_tree, infiniplex_staircase_pool
Lair:2:   layout_misc_corridors, minmay_snake_entry_six_corridors,
          cheibrodos_lair_lostbears
Lair:3:   layout_misc_corridors, minmay_shoals_entry_beasts,
          serial_bayou_lagoon_a, lemuel_fruit_fields
Lair:4:   nzn_winding_woodlands_small
          [nzn_winding_woodlands_5x15_pathside_ponds,
          nzn_winding_woodlands_center_pierced_h,
          nzn_winding_woodlands_5x15_sidewinder], layout_regular_city,
          slime_entry_1, minivault_19
Lair:5:   wormcave, layout_gridlike, hangedman_lair_caniforms_friends,
          gammafunk_ghost_ooze, minivault_27, st_stairs_4, minivault_26
Orc:1:    layout_caves, serial_shops, nicolae_shop_trees, mines4_lemuel
Orc:2:    grunt_orc_tribal_feast, layout_diamond_mine
Abyss:3:  base: D:13, patterned_corridor, hangedman_abyss_rune_macabre_mess,
          minivault_19, nicolae_abyss_rune_left_handed

Skill      XL: |  1  2  3  4  5  6  7  8  9 10 11 12 13 14 15 |
---------------+----------------------------------------------+-----
Long Blades    | 2 3 5 7 8 9 11 12 14 | 14.0
Stealth        | 3 5 6 7 8 |  8.0
Fighting       | 3 5 6 7 8 9 |  9.4
Translocations | 4 5 6 7 9 10 | 10.8
Armour         | 2 3 4 5 |  5.0
Dodging        | 2 4 5 6 |  6.6
Invocations    | 3 5 7 9 12 13 14 | 14.1
Evocations     | 2 4 5 6 |  6.3
Maces & Flails | 2 4 5 |  5.0
Air Magic      | 3 |  3.0
Spellcasting   | 3 4 |  4.6
Throwing       | |  0.8

Action                     |  1- 3 |  4- 6 |  7- 9 | 10-12 | 13-15 || total
---------------------------+-------+-------+-------+-------+-------++-------
  Melee: Falchion          |    86 |       |       |       |       ||    86
         Punch             |     3 |       |     3 |     3 |    20 ||    29
         Quarterstaff      |    21 |    35 |   183 |    35 |       ||   274
         Trident           |       |       |    82 |       |       ||    82
         Scimitar          |       |       |       |   640 |   435 ||  1075
         Whip              |       |       |       |   105 |  1026 ||  1131
   Fire: Shortbow          |       |       |       |     1 |       ||     1
  Throw: Stone             |     3 |       |       |       |       ||     3
         Dart              |       |       |       |    25 |       ||    25
         Throwing net      |       |       |       |     1 |       ||     1
   Cast: Manifold Assault  |       |       |       |    33 |   178 ||   211
 Invoke: Upheaval          |       |       |       |     3 |     5 ||     8
         Elemental Force   |       |       |       |     1 |     2 ||     3
         Disaster Area     |       |       |       |       |     1 ||     1
  Evoke: Wand              |       |       |     1 |     2 |     1 ||     4
         Phantom mirror    |       |       |     1 |       |       ||     1
    Use: Potion            |       |     1 |       |     6 |     3 ||    10
         Scroll            |       |       |     1 |    18 |     9 ||    28
   Stab: Distracted        |       |     1 |     3 |       |       ||     4
         Sleeping          |       |       |     1 |       |       ||     1
         Betrayed ally     |       |       |     1 |       |       ||     1
         Held in net/web   |       |       |       |     2 |       ||     2
         Paralysed         |       |       |       |     1 |     4 ||     5
         Petrifying        |       |       |       |       |     2 ||     2
         Petrified         |       |       |       |       |     1 ||     1
 Armour: Leather armour    |    28 |    12 |   123 |     3 |       ||   166
         Animal skin       |       |       |       |    20 |       ||    20
         Robe              |       |       |       |    84 |       ||    84
         Troll leather arm |       |       |       |   131 |   220 ||   351
         Scale mail        |       |       |       |       |   185 ||   185
  Dodge: Dodged            |    62 |    23 |   157 |   398 |   522 ||  1162
         Repelled          |       |       |       |    10 |     5 ||    15
  Block: Other             |       |     6 |    95 |   323 |   624 ||  1048

Table legend: (Time is in decaauts)
 A = Elapsed time spent in this place.
 B = Non-inter-level travel time spent in this place.
 C = Inter-level travel time spent in this place.
 D = Time resting spent in this place.
 E = Time spent auto-exploring this place.
 F = Levels seen in this place.
 G = Mean time per level.
                   A        B        C        D        E       F      G
               +--------+--------+--------+--------+--------+-----+--------+
         Total |  24672 |  23126 |   1546 |   4417 |  12772 |  24 | 1028.0 |
       Dungeon |  15761 |  14600 |   1161 |   2950 |   8264 |  15 | 1050.7 |
        Temple |    132 |    132 |      0 |     81 |      9 |   1 |  132.0 |
          Lair |   6867 |   6535 |    332 |   1172 |   3527 |   5 | 1373.4 |
  Orcish Mines |   1735 |   1683 |     52 |    214 |    972 |   2 |  867.5 |
         Abyss |    176 |    176 |      0 |      0 |      0 |   1 |  176.0 |
               +--------+--------+--------+--------+--------+-----+--------+

Top non-repeatable levels by time:
    D:11: 2020 daAuts
     D:6: 1961 daAuts
  Lair:4: 1933 daAuts
    D:10: 1800 daAuts
  Lair:5: 1702 daAuts
     D:9: 1437 daAuts
  Lair:1: 1385 daAuts
     D:8: 1186 daAuts
     D:2: 1045 daAuts
   Orc:2: 1018 daAuts
  Lair:2: 1005 daAuts
     D:4: 929 daAuts
    D:14: 889 daAuts
    D:12: 846 daAuts
  Lair:3: 841 daAuts
